Map: Dasan Station LE

Players

Blayne - Winner!

  • Race: Terran Terran
  • League: Silver

BurstStream

  • Race: Zerg Zerg
  • League: Bronze

VOD

Have the link to the VOD?

Description

Time

  • Played on: Sept. 14, 2016, 9:18 p.m.
  • Length: 18:55
Show
View Real Time Build Order
Export as new Build Order

Blayne Terran - Winner!

Build Orders:  

Get SALT Encoding   

  12  0:02  SCV  
  13  0:14  SCV  
  14  0:26  SCV  
  15  0:35  Supply Depot  
  15  0:45  Refinery  
  15  0:58  Barracks  
  15  1:02  SCV  
  16  1:14  SCV  
  17  1:26  SCV  
  17  1:30  Engineering Bay  
  18  1:38  SCV  
  19  1:48  Supply Depot, Barracks Reactor  
  19  1:51  SCV  
  20  2:03  SCV  
  20  2:04  Command Center  
  20  2:06  Refinery  
  21  2:21  Bunker  
  21  2:30  Factory, SCV  
  23  2:42  SCV  
  24  2:55  SCV  
  25  2:59  Marine x2  
  26  3:08  Missile Turret  
  26  3:17  Marine x2, SCV  
  29  3:28  Widow Mine  
  29  3:29  SCV  
  32  3:34  Marine x2  
  34  3:41  SCV  
  35  3:52  Marine, Barracks  
  36  3:56  Orbital Command  
  36  4:02  Factory Tech Lab  
  36  4:08  SCV  
  37  4:18  Marine x2  
  37  4:20  SCV  
  40  4:28  Siege Tank  
  43  4:32  SCV  
  43  4:34  Terran Infantry Weapons Level 1  
  43  4:36  Marine x2  
  46  4:42  Barracks Tech Lab  
  46  4:45  Starport  
  46  4:59  Marine x2, SCV  
  49  5:10  Supply Depot  
  49  5:11  SCV  
  50  5:16  Marine x2  
  52  5:23  SCV  
  53  5:31  Siege Tank  
  53  5:33  Supply Depot  
  53  5:35  SCV  
  57  5:37  Stimpack  
  57  5:40  Starport Tech Lab  
  57  5:43  Starport  
  57  5:47  SCV  
  58  5:56  Supply Depot  
  58  5:59  SCV  
  58  6:03  Cloaking Field  
  59  6:07  Marine x2  
  61  6:11  SCV  
  62  6:25  Marine x2  
  64  6:40  Bunker  
  64  6:42  Marine  
  64  6:43  Marine  
  66  7:00  Marine x2  
  68  7:01  Siege Tank  
  68  7:02  Command Center  
  68  7:08  Marauder  
  73  7:15  Starport Tech Lab  
  73  7:18  Marine x2  
  75  7:25  Refinery  
  75  7:26  SCV  
  75  7:28  Refinery  
  75  7:29  Marauder  
  78  7:33  Siege Tank  
  78  7:36  Marine x2  
  83  7:38  SCV  
  84  7:50  SCV  
  85  8:02  SCV  
  86  8:14  Siege Tank, SCV  
  86  8:17  Supply Depot  
  90  8:26  SCV  
  91  8:33  Terran Infantry Armor Level 1  
  91  8:36  Armory  
  91  8:39  SCV  
  91  8:40  Supply Depot  
  91  8:41  Concussive Shells  
  92  8:42  Banshee  
  92  8:46  Siege Tank  
  98  9:00  SCV  
  99  9:04  Supply Depot  
  99  9:09  Marauder  
  101  9:10  Marine x2  
  101  9:12  SCV  
  104  9:18  Siege Tank  
  104  9:19  Banshee  
  110  9:24  SCV  
  110  9:25  Banshee  
  110  9:27  Barracks  
  110  9:28  Marine x2  
  110  9:31  Terran Vehicle Weapons Level 1, Marauder  
  118  9:36  SCV  
  119  9:46  Marine x2  
  119  9:48  SCV  
  119  9:52  Marauder  
  119  10:02  Banshee  
  119  10:04  Marine x2  
  124  10:08  Banshee  
  124  10:14  Marauder  
  129  10:21  Marine  
  129  10:22  Marine  
  131  10:33  Supply Depot  
  131  10:35  Marauder  
  133  10:36  Orbital Command  
  133  10:51  Supply Depot  
  133  10:54  Marine x2, SCV, Banshee  
  133  10:56  Supply Depot, Marauder  
  141  11:04  Terran Infantry Weapons Level 2  
  141  11:12  Marine x2, SCV  
  141  11:14  Supply Depot  
  141  11:18  Marauder  
  146  11:24  SCV  
  147  11:36  SCV  
  148  11:48  SCV  
  149  12:26  Banshee x2  
  155  12:31  Barracks Reactor  
  155  12:32  Marine x2  
  155  12:33  Marine  
  158  12:47  Supply Depot  
  158  12:50  Marine x3  
  161  12:59  Siege Tank  
  164  13:08  Marine x3  
  164  13:09  Banshee x2  
  173  13:26  Marine x3  
  176  13:31  Siege Tank  
  179  13:43  Terran Infantry Weapons Level 3  
  179  13:44  Terran Vehicle Weapons Level 2, Marine  
  179  13:45  Starport  
  180  13:51  Banshee  
  180  13:52  Banshee  
  186  14:03  Siege Tank  
  189  14:36  Siege Tank, Banshee  
  195  14:39  Refinery, Banshee  
  195  14:41  Refinery  
  198  15:09  Command Center  
  198  15:22  Fusion Core  
  198  15:27  Factory  
  183  16:39  Viking x2  
  187  16:49  Terran Ship Weapons Level 1  
  187  16:51  Factory Tech Lab  
  187  17:09  Viking x2  
  191  17:39  Viking x2  
  195  17:55  Missile Turret  
  195  18:09  Viking x2  
  199  18:14  Missile Turret  
  199  18:34  Missile Turret  
Show
View Real Time Build Order
Export as new Build Order

BurstStream Zerg 

Build Orders: Pool First 

Get SALT Encoding   

  12  0:09  Overlord  
  12  0:20  Drone x2  
  14  0:31  Extractor  
  13  0:37  Drone  
  13  0:39  Drone  
  15  0:48  Spawning Pool  
  14  0:50  Drone  
  15  1:04  Evolution Chamber  
  15  1:09  Evolution Chamber, Drone  
  14  1:13  Drone  
  15  1:25  Drone  
  15  1:27  Drone  
  17  1:41  Drone  
  18  1:48  Extractor, Metabolic Boost  
  18  1:50  Queen  
  19  1:58  Zergling x2  
  20  2:02  Zergling x2  
  21  2:09  Overlord  
  21  2:22  Zerg Ground Armor Level 1  
  21  2:25  Drone  
  22  2:42  Zergling x2  
  22  2:43  Zergling x2  
  24  2:53  Zerg Melee Weapons Level 1  
  24  3:01  Zergling x2  
  24  3:03  Drone  
  26  3:16  Zergling x2  
  26  3:17  Overlord, Drone  
  28  3:25  Drone  
  27  3:44  Drone  
  27  3:45  Drone  
  29  3:53  Drone  
  29  3:55  Overlord, Hatchery  
  30  3:59  Drone  
  30  4:26  Roach Warren  
  30  4:27  Lair  
  30  4:30  Zergling x2  
  30  4:31  Zergling x2  
  30  4:32  Zergling x4  
  30  4:35  Zergling x2  
  35  5:07  Drone x2  
  35  5:08  Drone  
  35  5:09  Overlord, Drone  
  35  5:10  Drone  
  31  5:14  Drone  
  31  5:37  Drone x2  
  31  5:38  Queen  
  31  5:40  Hatchery  
  34  5:44  Zerg Melee Weapons Level 2  
  34  5:56  Zerg Ground Armor Level 2  
  34  6:00  Drone  
  34  6:01  Drone  
  36  6:15  Hydralisk Den  
  35  6:20  Roach x4  
  35  6:21  Roach  
  45  6:30  Drone x3  
  50  6:33  Roach  
  50  6:35  Roach  
  50  6:39  Overlord  
  52  6:56  Overseer  
  52  6:58  Overseer  
  52  7:00  Drone  
  53  7:06  Zergling x8  
  57  7:12  Drone x2  
  57  7:13  Drone x3  
  62  7:17  Glial Reconstitution  
  62  7:21  Muscular Augments  
  62  7:28  Drone x3  
  65  7:38  Overlord  
  65  7:40  Zergling x2  
  66  8:01  Drone  
  66  8:02  Drone x2  
  69  8:08  Drone x2  
  69  8:09  Drone  
  69  8:10  Overlord, Drone  
  73  8:15  Drone  
  74  8:30  Infestation Pit  
  73  8:42  Overlord x2  
  73  8:59  Queen  
  73  9:02  Drone x2  
  77  9:04  Roach  
  77  9:05  Zergling x2, Roach  
  77  9:09  Zergling x8  
  87  9:10  Zergling x8, Overlord  
  87  9:11  Hatchery  
  89  9:19  Drone  
  58  10:14  Zergling x4  
  58  10:15  Zergling x2  
  61  10:26  Hive  
  61  10:27  Spire  
  60  10:35  Drone x2  
  61  10:41  Queen  
  64  10:48  Zergling x2  
  64  10:49  Zergling x4, Roach x2  
  73  10:50  Roach  
  73  10:59  Zergling x2  
  73  11:00  Zergling x4, Roach x3  
  82  11:04  Zergling x2  
  82  11:05  Zergling x4, Roach x2  
  82  11:10  Drone  
  82  11:11  Drone x2  
  87  11:26  Ravager  
  87  11:27  Ravager x5  
  85  11:48  Mutalisk x3  
  85  11:51  Mutalisk  
  85  11:52  Mutalisk x2  
  93  12:04  Corruptor  
  93  12:09  Mutalisk  
  84  12:51  Ultralisk Cavern  
  83  12:58  Spore Crawler x2  
  82  13:00  Spore Crawler x2  
  79  13:10  Spore Crawler  
  79  13:11  Spore Crawler  
  77  13:13  Spore Crawler x2  
  77  13:15  Extractor  
  77  13:18  Drone x2  
  77  13:19  Drone  
  77  13:20  Extractor  
  76  13:29  Corruptor x2  
  80  13:40  Zergling x8  
  84  13:44  Zergling x4  
  86  14:17  Spine Crawler x2  
  84  14:24  Zergling x2  
  84  14:25  Zergling x4, Spine Crawler  
  84  14:26  Spine Crawler  
  84  14:28  Zergling x2  
  84  14:29  Zergling x4  
  88  15:26  Hatchery  
  88  15:27  Zerg Ground Armor Level 3  
  87  15:30  Zergling x8  
  87  15:31  Overlord  
  87  15:35  Overlord x3  
  72  16:56  Ultralisk  
  72  16:57  Ultralisk x2  
  90  17:12  Spawning Pool  
  89  17:32  Mutalisk  
  89  17:33  Mutalisk x2  
  95  17:59  Zergling x4  
  95  18:02  Zergling x6  
  100  18:11  Overseer x2  
  100  18:12  Overseer  
  100  18:13  Overseer  
  100  18:17  Zergling x2  
  101  18:20  Zergling x2  
Tags
 
Add a new tag
Caveats
  • Supply blocks, unpowered buildings, or Contaminate may cause inaccurate times.
  • Supply counts are checked every 10 seconds.